 Dungeon Crawl Stone Soup version 0.29.1-1-gd02db6906a (webtiles) character file.

Game seed: 6336061082460249821

851 plokij the Slasher (level 7, -4/61 HPs)
             Began as a Minotaur Fighter on Oct 20, 2022.
             Slain by Duvessa
             ... wielding a +1 short sword of speed
              (6 damage)
             ... on level 6 of the Dungeon.
             The game lasted 00:09:31 (4014 turns).

plokij the Slasher (Minotaur Fighter)               Turns: 4014, Time: 00:09:32

Health: -4/61      AC: 11    Str: 20    XL:     7   Next: 69%
Magic:  6/6        EV: 12    Int:  5    God:
Gold:   212        SH:  6    Dex: 18    Spells: 6/6 levels left

rFire   . . .      SeeInvis .   a - +0 long sword
rCold   . . .      Faith    .   c - +0 buckler
rNeg    . . .      Spirit   .   b - +0 scale mail
rPois   .          Reflect  .   (helmet restricted)
rElec   .          Harm     .   y - +1 cloak
rCorr   .          Rampage  .   (no gloves)
Will    .....                   u - +0 pair of boots
Stlth   ..........              f - amulet of the acrobat
HPRegen 0.20/turn               l - +6 ring of dexterity
MPRegen 0.10/turn               (no ring)

@: lit by a corona, glowing
A: horns 2, retaliatory headbutt
a: no special abilities


You were on level 6 of the Dungeon.
You visited 1 branch of the dungeon, and saw 6 of its levels.

You collected 212 gold pieces.

Inventory:

Hand Weapons
 a - a +0 long sword (weapon)
Armour
 b - a +0 scale mail (worn)
 c - a +0 buckler (worn)
 u - a +0 pair of boots (worn)
 y - a +1 cloak (worn)
Jewellery
 f - an amulet of the acrobat (around neck)
 l - a +6 ring of dexterity (left hand)
Wands
 B - a wand of digging (4)
Scrolls
 e - 3 scrolls of teleportation {unknown}
 g - 5 scrolls of identify {unknown}
 i - a scroll of blinking {unknown}
 j - 2 scrolls of vulnerability {unknown}
 m - 4 scrolls of enchant weapon {unknown}
 n - 2 scrolls of fog {unknown}
 p - 2 scrolls of summoning {unknown}
 q - a scroll of fear {unknown}
 r - a scroll of amnesia {unknown}
 t - a scroll of poison {unknown}
 C - a scroll of brand weapon {unknown}
Potions
 d - a potion of might
 h - a potion of attraction {unknown}
 k - a potion of ambrosia {unknown}
 o - a potion of curing {unknown}
 s - 3 potions of brilliance {unknown}
 v - a potion of flight {unknown}
 w - a potion of cancellation {unknown}
 x - a potion of degeneration {unknown}
 z - a potion of berserk rage {unknown}
 A - a potion of heal wounds {unknown}


   Skills:
 + Level 5.6 Fighting
 + Level 5.6 Long Blades
 + Level 5.6 Armour
 * Level 4.4 Dodging
 + Level 5.5 Shields


You had 6 spell levels left.
You didn't know any spells.
Your spell library contained the following spells:

 Spells                   Type           Power      Damage    Failure   Level
 Apportation              Tloc           0%         N/A       88%         1
 Foxfire                  Conj/Fire      0%         2x1d4     88%         1
 Necrotise                Necr           0%         1d4       88%         1
 Slow                     Hex            0%         N/A       88%         1
 Sting                    Tmut/Pois      0%         1d3       88%         1
 Summon Small Mammal      Summ           0%         N/A       88%         1
 Poisonous Vapours        Pois/Air       0%         N/A       95%         2
 Confusing Touch          Hex            0%         N/A       99%         3
 Conjure Flame            Conj/Fire      0%         6-21      99%         3
 Gell's Gravitas          Tloc           0%         N/A       99%         3
 Inner Flame              Hex/Fire       0%         N/A       99%         3
 Lesser Beckoning         Tloc           0%         N/A       99%         3
 Stone Arrow              Conj/Erth      0%         3d7       99%         3
 Teleport Other           Tloc           0%         N/A       99%         3
 Vampiric Draining        Necr           0%         2d6       99%         3
 Animate Armour           Summ/Erth      0%         N/A       100%        4
 Flame Wave               Conj/Fire      0%         2d4       100%        4
 Olgreb's Toxic Radiance  Pois           0%         N/A       100%        4
 Lehudib's Crystal Spear  Conj/Erth      0%         10d2      100%        8


Dungeon Overview and Level Annotations

Branches:
Dungeon (6/15)
 Temple: D:4-7

Altars:
Dithmenos

Shops:
D:4 *   D:5 *

Annotations:
D:6 Duvessa


Innate Abilities, Weirdness & Mutations

You have a pair of horns on your head.
You reflexively headbutt those who attack you in melee.


Message History

You barely miss the necrophage. You headbutt the necrophage.
The necrophage is severely damaged.
You hear the slow rusting of a drain nearby.
The necrophage hits you but does no damage.
The necrophage misses you. You furiously retaliate!
You headbutt the necrophage! You slash the necrophage!
You destroy the necrophage!
Dowan, Brother of Duvessa comes into view.
He is wielding a +0 dagger.
Dowan shouts!
Duvessa, Sister of Dowan comes into view.
She is wielding a +1 short sword of speed and carrying a wand of digging (1).
Dowan hits you with a +0 dagger.
Duvessa hits you with a +1 short sword of speed!
You completely miss Dowan. You headbutt Dowan.
Dowan is moderately wounded.
Duvessa hits you with a +1 short sword of speed.
Dowan points at you and mumbles some strange words.
You are outlined in light.
A scorpion comes into view.
Duvessa hits you with a +1 short sword of speed.
You slash Dowan! You headbutt Dowan.
Dowan is almost dead.
Dowan hits you with a +0 dagger.
Duvessa hits you with a +1 short sword of speed.
You slash Dowan!
You kill Dowan!
Duvessa screams, "No!
How DARE you!"
Duvessa goes berserk!
Duvessa hits you with a +1 short sword of speed!
Duvessa hits you with a +1 short sword of speed.
Duvessa hits you with a +1 short sword of speed!
* * * LOW HITPOINT WARNING * * *
Duvessa misses you.
Duvessa hits you with a +1 short sword of speed!
* * * LOW HITPOINT WARNING * * *
Things that are here:
a +0 dagger; a +0 robe; the elf corpse of Dowan You hit Duvessa but do no damage.
You block Duvessa's attack.
Duvessa hits you with a +1 short sword of speed.
You die...

..#....# ....... #
.... ...... .#
.... #....#. .....
...... ..... #...#
.. ......#...###.#
......#@e.....#
#......##.....
#....#.##.....
#...##........
##.#..........
......#........
#....###........
.##....#..........
#.
......#..........


You could see Duvessa (berserk).

Vanquished Creatures
  Sigmund (D:2)
  A black bear (D:5)
  A phantom (D:5)
  A necrophage (D:6)
  2 scorpions
  Dowan (D:6)
  4 hounds
  An orc priest (D:5)
  An iguana (D:5)
  2 orc wizards
  An adder (D:4)
  An ufetubus (D:5)
  3 dart slugs
  7 orcs
  3 ball pythons
  7 endoplasms
  3 giant cockroaches
  7 goblins
  3 hobgoblins
  3 jackals (D:5)
  9 kobolds
  2 quokkas
  2 bats
  5 rats
71 creatures vanquished.

Notes
Turn   | Place    | Note
-------+----------+-------------------------------------------
     0 | D:1      | plokij the Minotaur Fighter began the quest for the Orb.
     0 | D:1      | Reached XP level 1. HP: 19/19 MP: 0/0
   242 | D:1      | Reached XP level 2. HP: 26/27 MP: 1/1
   480 | D:2      | Found a shadowy altar of Dithmenos.
   480 | D:2      | You fall into a shaft and drop 1 floor!
   579 | D:2      | Noticed Sigmund
  1006 | D:2      | Killed Sigmund
  1007 | D:2      | Reached XP level 3. HP: 10/34 MP: 2/2
  1007 | D:2      | Reached XP level 4. HP: 12/41 MP: 3/3
  1007 | D:2      | Reached XP level 5. HP: 14/47 MP: 4/4
  2146 | D:4      | Reached XP level 6. HP: 26/53 MP: 5/5
  2446 | D:4      | Found Ipocis's Lightly-Used Armoury.
  3021 | D:5      | Entered Level 5 of the Dungeon
  3037 | D:5      | Reached skill level 5 in Long Blades
  3041 | D:5      | Found Taypuih's Assorted Antiques.
  3226 | D:5      | Found a shadowy altar of Dithmenos.
  3260 | D:5      | Reached skill level 5 in Fighting
  3306 | D:5      | Reached skill level 5 in Armour
  3340 | D:5      | Reached skill level 5 in Shields
  3479 | D:5      | Reached XP level 7. HP: 60/61 MP: 6/6
  4005 | D:6      | Noticed Dowan
  4005 | D:6      | Noticed Duvessa
  4012 | D:6      | Killed Dowan
  4013 | D:6      | HP: 1/61 [Duvessa/+1 short sword of speed (9)]
  4014 | D:6      | Slain by Duvessa

Illustrated notes

Levels and vault maps discovered:
D:1:      tarquinn_simple_flora_water_b, layout_rooms
D:2:      layout_basic, basic_altar, uniq_sigmund
D:3:      layout_loops_corners
D:4:      minmay_diamond_boxcup, layout_loops_ring, minmay_shop_damaged
D:5:      layout_basic, mainiacjoe_overflow_catwalk, serial_shops,
          nicolae_diamond_shop, columned_hall_lemuel
D:6:      layout_basic, serial_shops, shop, portal_sewer_entry_f, uniq_duvessa

Skill      XL: |  1  2  3  4  5  6  7 |
---------------+----------------------+-----
Long Blades    | 4 5 |  5.6
Fighting       | 4 5 |  5.6
Armour         | 4 5 |  5.6
Dodging        | 2 3 4 |  4.4
Shields        | 4 5 |  5.5

Action                   |  1- 3 |  4- 6 |  7- 9 || total
-------------------------+-------+-------+-------++-------
Melee: Long sword        |    45 |   108 |    41 ||   194
       Headbutt          |     6 |    18 |    12 ||    36
Armor: Scale mail        |    16 |    42 |    22 ||    80
Dodge: Dodged            |    22 |    47 |    20 ||    89
Block: Buckler           |     6 |    30 |    10 ||    46
